 Dungeon Crawl Stone Soup version 0.31-a0-202-g547052bce9 (webtiles) character file.

Game seed: 6254198008745554728

119 qw the Skirmisher (level 4, -1/25 HPs)
             Began as a Deep Elf Hunter on June 26, 2023.
             Slain by a cerulean imp
             ... wielding a +1 spear
             ... summoned by Natasha
              (3 damage)
             ... on level 3 of the Dungeon.
             The game lasted 00:00:33 (1533 turns).

qw the Skirmisher (Deep Elf Hunter)                 Turns: 1533, Time: 00:00:33

Health: -1/25      AC:  6    Str: 10    XL:     4   Next: 73%
Magic:  6/6        EV: 16    Int: 14    God:
Gold:   74         SH:  0    Dex: 18    Spells: 3/3 levels left

rFire   . . .        Y - +0 orcbow
rCold   . . .        (shield currently unavailable)
rNeg    . . .        g - +0 ring mail
rPois   .            (no helmet)
rElec   .            (no cloak)
rCorr   .            e - +0 pair of gloves
SInv    .            (no boots)
Will    .....        (no amulet)
Stlth   +            d - +5 ring of evasion
HPRegen 0.24/turn    (no ring)
MPRegen 0.10/turn

%: no passive effects
@: no status effects
A: no striking features
a: no special abilities


You were on level 3 of the Dungeon.
You visited 1 branch of the dungeon, and saw 3 of its levels.

You collected 74 gold pieces.


   Skills:
 - Level 1.5 Fighting
 + Level 8.1 Ranged Weapons
 - Level 2.4 Dodging
 - Level 1.2 Stealth


You had 3 spell levels left.
You didn't know any spells.
Your spell library was empty.

Inventory:

Hand Weapons
 Y - a +0 orcbow (weapon)
Armour
 e - a +0 pair of gloves (worn)
 g - a +0 ring mail (worn)
Jewellery
 d - a +5 ring of evasion (left hand)
Scrolls
 c - a scroll of blinking {unknown}
Potions
 a - a potion of cancellation {unknown}
 b - a potion of heal wounds {unknown}
 i - a potion of magic {unknown}

Dungeon Overview and Level Annotations

Branches:
Dungeon (3/15)

Altars:
The Shining One

Annotations:
D:3 Natasha


Message History

Ijyb barely misses you.
The cerulean imp hits you from afar with a +4 spear.
The quokka closely misses you.
You shoot an arrow. The arrow hits Ijyb!
You kill Ijyb!
The kobold hits you but does no damage. The quokka closely misses you.
The cerulean imp hits you from afar with a +4 spear.
The kobold barely misses you.
Your Ranged Weapons skill increases to level 8!
You shoot an arrow. The arrow hits Natasha!
Natasha is heavily wounded.
The quokka bites you but does no damage.
Natasha misses you. The cerulean imp barely misses you. x2
The kobold barely misses you.
The quokka bites you but does no damage.
Natasha closely misses you.
You shoot an arrow. The arrow hits Natasha.
Natasha is severely wounded.
The cerulean imp hits you but does no damage.
The cerulean imp hits you from afar with a +1 spear.
The kobold misses you. The quokka closely misses you.
Natasha growls.
Natasha casts a spell.
The cerulean imp completely misses you.
The cerulean imp hits you from afar with a +1 spear.
You shoot an arrow.
The arrow hits Natasha but does no damage.
Natasha is severely wounded.
The quokka completely misses you. The kobold barely misses you.
Natasha claws you. The cerulean imp closely misses you. x2
The cerulean imp hits you from afar with a +1 spear.
The quokka bites you but does no damage.
The kobold misses you.
You shoot an arrow. The arrow closely misses Natasha.
The arrow barely misses the cerulean imp.
Natasha misses you.
The quokka bites you but does no damage.
The cerulean imp closely misses you. The cerulean imp misses you.
The cerulean imp hits you from afar with a +1 spear.
You die...

.. .... .## ##..
.... .... ..####...
.?... ##......#
.....
........##.....
...5.5.......
#5hKr....#
#)@.....#.
#......... ..#
#..###.... ...# #..#
... .....## ####..#
.
.......#####.....#.#
...................#
................###
...................


You could see Natasha, 3 cerulean imps, a quokka and a kobold.

Vanquished Creatures
  Ijyb (D:3)
  An iguana (D:3)
  3 adders (D:2)
  3 dart slugs
  3 bats
  2 endoplasms (D:1)
  4 giant cockroaches
  2 goblins
  3 hobgoblins
  3 jackals (D:2)
  6 ball pythons
  2 frilled lizards
  5 rats
38 creatures vanquished.

Notes
Turn   | Place    | Note
-------+----------+-------------------------------------------
     0 | D:1      | qw the Deep Elf Hunter began the quest for the Orb.
     0 | D:1      | Reached XP level 1. HP: 12/12 MP: 3/3
     0 | D:1      | 0 ||| qw: Version: 0.3-a-22-g0ed2b0b
     0 | D:1      | 0 ||| qw: Game counter: 6166
     0 | D:1      | 0 ||| qw: Melee chars always use a shield: true
     0 | D:1      | 0 ||| qw: God list: Okawaru
     0 | D:1      | 0 ||| qw: Allow faded altars: false
     0 | D:1      | 0 ||| qw: Do Orc after clearing Dungeon:15 true
     0 | D:1      | 0 ||| qw: Do second Lair branch before Depths: true
     0 | D:1      | 0 ||| qw: Lair rune preference: random
     0 | D:1      | 0 ||| qw: Goals: Normal
     0 | D:1      | 0 ||| PLANNING D:1-11
     6 | D:1      | Noticed a wyvern
     6 | D:1      | Noticed a water moccasin
     6 | D:1      | Noticed a polar bear
     7 | D:1      | Noticed a swamp worm
   231 | D:1      | Reached skill level 6 in Ranged Weapons
   231 | D:1      | Reached XP level 2. HP: 14/16 MP: 4/4
   480 | D:1      | 480 ||| UPGRADING to +5 ring of evasion.
   481 | D:1      | 481 ||| READING scroll labelled TAZXUC SEAXTETE.
   482 | D:1      | 482 ||| DROPPING scroll of butterflies.
   707 | D:2      | Reached XP level 3. HP: 20/20 MP: 5/5
   801 | D:2      | Found a glowing golden altar of the Shining One.
   862 | D:2      | Reached skill level 7 in Ranged Weapons
  1217 | D:2      | Reached XP level 4. HP: 19/25 MP: 6/6
  1273 | D:2      | 1273 ||| SWAPPING to +0 orcbow.
  1274 | D:2      | 1274 ||| DROPPING +0 shortbow.
  1383 | D:2      | 1383 ||| UPGRADING to +0 pair of gloves.
  1388 | D:2      | 1388 ||| UPGRADING to +0 ring mail.
  1398 | D:2      | 1398 ||| DROPPING +0 leather armour.
  1399 | D:2      | 1399 ||| READING scroll labelled OCRUOLISSY.
  1400 | D:2      | 1400 ||| READING scroll labelled SOMY BITIKK.
  1523 | D:3      | Noticed Ijyb
  1523 | D:3      | Noticed Natasha
  1529 | D:3      | Killed Ijyb
  1530 | D:3      | Reached skill level 8 in Ranged Weapons
  1532 | D:3      | HP: 4/25 [Natasha (4)]
  1533 | D:3      | Slain by a cerulean imp

Levels and vault maps discovered:
D:1:      onia_arrival_zoo_common, layout_basic, due_unseen_surprise
D:2:      layout_loops_ring, basic_altar, kennysheep_generic_room_7
D:3:      layout_basic, lemuel_doored_altar, minmay_puff, uniq_ijyb,
          uniq_natasha, uniq_crazy_yiuf_cottage

Skill      XL: |  1  2  3  4 |
---------------+-------------+-----
Ranged Weapons | 6 7 8 |  8.1
Fighting       | |  1.5
Dodging        | |  2.4
Stealth        | |  1.2

Action                     |  1- 3 |  4- 6 || total
---------------------------+-------+-------++-------
   Fire: Shortbow          |   101 |     5 ||   106
         Orcbow            |       |    19 ||    19
    Use: Scroll            |     1 |     2 ||     3
 Armour: Leather armour    |    11 |     1 ||    12
         Ring mail         |       |    11 ||    11
  Dodge: Dodged            |    47 |    30 ||    77

Table legend:
 A = Non-vault XP
 B = Vault XP
 C = Vault XP percentage of total XP
 D = Non-vault monster count
 E = Vault monster count
 F = Vault count percentage of total count
                 A         B        C        D         E       F
            +---------+---------+-------+---------+---------+-------
      Total |     119 |      51 |  30.0 |      34 |       4 |  10.5
            +---------+---------+-------+---------+---------+-------
        D:1 |      32 |       0 |   0.0 |      17 |       0 |   0.0
        D:2 |      51 |      15 |  22.7 |      15 |       3 |  16.7
        D:3 |      36 |      36 |  50.0 |       2 |       1 |  33.3
            +---------+---------+-------+---------+---------+-------
